 Dungeon Crawl Stone Soup version 0.26-a0-540-g8a0c9464d7 (webtiles) character file.

Game seed: 11858891000632908904

1 vurker the Grave Robber (level 1, 0/10 HPs)
             Began as a Tengu Necromancer on Aug 22, 2020.
             Slain by a bat (1 damage)
             ... on level 1 of the Dungeon.
             The game lasted 00:00:30 (52 turns).

vurker the Grave Robber (Tengu Necromancer)           Turns: 52, Time: 00:00:30

Health: 0/10       AC:  2    Str:  8    XL:     1   Next: 20%
Magic:  0/4        EV: 12    Int: 15    God:
Gold:   0          SH:  0    Dex: 14    Spells: 3/4 levels left

rFire    . . .     SeeInvis .   (no weapon)
rCold    . . .     Faith    .   (no shield)
rNeg     . . .     Spirit   .   a - +0 robe
rPois    .         Reflect  .   (helmet restricted)
rElec    .         Harm     .   (no cloak)
rCorr    .                      (no gloves)
MR       .....                  (boots unavailable)
Stlth    ++........             (no amulet)
HPRegen  0.03/turn              (no ring)
MPRegen  0.09/turn              (no ring)

@: no status effects
A: beak, talons 3
a: no special abilities


You were on level 1 of the Dungeon.
You visited 1 branch of the dungeon, and saw 1 of its levels.

Inventory:

Armour
 a - a +0 robe (worn)


   Skills:
 + Level 0.0 Fighting
 - Level 2.1 Dodging
 - Level 2.0 Stealth
 * Level 2.0 Spellcasting
 * Level 4.4 Necromancy


You had 3 spell levels left.
You knew the following spells:

 Your Spells              Type           Power        Failure   Level
a - Pain                  Necr           ##..         3%          1

Your spell library contained the following spells:

 Spells                   Type           Power        Failure   Level
 Animate Skeleton         Necr           ##....       3%          1
 Vampiric Draining        Necr           ##........   11%         3
 Animate Dead             Necr           ##........   34%         4
 Agony                    Necr           ##......     69%         5


Dungeon Overview and Level Annotations

Branches:
Dungeon (1/15)

Altars:


Innate Abilities, Weirdness & Mutations

You have a beak for a mouth.
You have claws for feet.


Message History

Unknown command.
Aim: a hobgoblin (chance to defeat MR: 85%)
The hobgoblin writhes in agony.
The hobgoblin barely misses you.
A rat comes into view.
Aim: a hobgoblin (moderately wounded, chance to defeat MR: 85%)
The hobgoblin barely resists.
The hobgoblin hits you but does no damage.
The bat barely misses you. The bat closely misses you.
Aim: a hobgoblin (moderately wounded, chance to defeat MR: 85%)
The bat writhes in agony.
You kill the bat!
A bat comes into view.
Aim: a hobgoblin (moderately wounded, chance to defeat MR: 85%)
The hobgoblin writhes in agony.
The hobgoblin closely misses you.
You hit the hobgoblin. The hobgoblin barely misses you.
You hit the hobgoblin but do no damage. The hobgoblin closely misses you.
You closely miss the hobgoblin. The hobgoblin hits you.
* * * LOW HITPOINT WARNING * * *
A bat comes into view.
The bat barely misses you. The bat closely misses you.
The rat completely misses you. The bat misses you. The rat bites you.
* * * LOW HITPOINT WARNING * * *
The bat hits you but does no damage. The bat barely misses you.
The bat hits you but does no damage. The bat misses you.
Aim: a hobgoblin (severely wounded, chance to defeat MR: 85%)
The bat writhes in agony.
The bat closely misses you. The bat closely misses you.
The bat barely misses you. The bat barely misses you.
You see here a bat corpse.
There is an open door here.
The bat hits you but does no damage.
Aim: a hobgoblin (heavily wounded, chance to defeat MR: 85%)
The bat writhes in agony.
The bat barely misses you. The bat closely misses you.
The bat barely misses you. The bat closely misses you.
The bat hits you but does no damage.
There is a fountain of clear blue water here.
The bat barely misses you. The bat closely misses you.
The bat hits you but does no damage. The bat closely misses you.
The bat hits you but does no damage. The bat hits you but does no damage.
Aim: a hobgoblin (moderately wounded, chance to defeat MR: 85%)
The hobgoblin barely resists.
The bat hits you but does no damage. The hobgoblin closely misses you.
Unknown command.
The bat barely misses you. The bat hits you.
You die...

##+## #...#
#..b# ###rg@###
#<......#
####.......####
#.............#
#......⌠......#
#.............#
####.......####
#.......#
###...###


You could see a hobgoblin, a bat and a rat.

Vanquished Creatures
  A bat (D:1)
1 creature vanquished.

Notes
Turn   | Place    | Note
-------+----------+-------------------------------------------
     0 | D:1      | vurker the Tengu Necromancer began the quest for the Orb.
     0 | D:1      | Reached XP level 1. HP: 10/10 MP: 4/4
    52 | D:1      | Slain by a bat

Illustrated notes

Levels and vault maps discovered:
D:1:      minmay_arrival_cross, layout_rooms

Action                   || total
-------------------------++-------
Melee: Unarmed           ||     3
 Cast: Pain              ||     7
Armor: Robe              ||     9
Dodge: Dodged            ||    25

Table legend: (Time is in decaauts)
 A = Elapsed time spent in this place.
 B = Non-inter-level travel time spent in this place.
 C = Inter-level travel time spent in this place.
 D = Time resting spent in this place.
 E = Time spent auto-exploring this place.
 F = Levels seen in this place.
 G = Mean time per level.
                   A        B        C        D        E       F      G
               +--------+--------+--------+--------+--------+-----+--------+
         Total |     52 |     52 |      0 |      0 |     13 |   1 |   52.0 |
       Dungeon |     52 |     52 |      0 |      0 |     13 |   1 |   52.0 |
               +--------+--------+--------+--------+--------+-----+--------+

Top non-repeatable levels by time:
     D:1: 52 daAuts
